 Dungeon Crawl Stone Soup version 0.29-a0-757-g358383bc75 (webtiles) character file.

Game seed: 18328778467313220057

99 jifgo the Shooter (level 4, -6/23 HPs)
             Began as a Spriggan Hunter on June 30, 2022.
             Killed from afar by Natasha (10 damage)
             ... with a magic dart
             ... on level 2 of the Dungeon.
             The game lasted 00:04:26 (1353 turns).

jifgo the Shooter (Spriggan Hunter)                 Turns: 1353, Time: 00:04:27

Health: -6/23      AC:  2    Str:  7    XL:     4   Next: 45%
Magic:  6/6        EV: 34    Int: 10    God:
Gold:   70         SH:  0    Dex: 20    Spells: 3/3 levels left

rFire   . . .      SeeInvis +   a - +0 shortbow
rCold   . . .      Faith    .   (shield currently unavailable)
rNeg    . . .      Spirit   .   c - +0 robe
rPois   .          Reflect  .   (helmet restricted)
rElec   .          Harm     .   (no cloak)
rCorr   .          Rampage  .   (gloves unavailable)
Will    .....                   (boots unavailable)
Stlth   +++.......              m - amulet of the acrobat
HPRegen 0.07/turn               (no ring)
MPRegen 0.10/turn               (no ring)

@: acrobatic, very quick
A: very small, no large weapons, unfitting armour, see invisible, speed 3
a: no special abilities


You were on level 2 of the Dungeon.
You visited 1 branch of the dungeon, and saw 2 of its levels.

You collected 70 gold pieces.

Inventory:

Hand Weapons
 a - a +0 shortbow (weapon)
 b - a +1 dagger of draining
Armour
 c - a +0 robe (worn)
Jewellery
 m - an amulet of the acrobat (around neck)
Scrolls
 d - 4 scrolls of teleportation {unknown}
 e - a scroll of immolation
 h - a scroll of enchant armour {unknown}
 j - a scroll of fear {unknown}
Potions
 f - a potion of attraction {unknown}
 g - a potion of lignification {unknown}
 i - a potion of flight {unknown}
 k - a potion of curing {unknown}


   Skills:
 + Level 2.2 Fighting
 + Level 5.3 Ranged Weapons
 + Level 3.6 Dodging
 + Level 3.3 Stealth
 + Level 1.5 Invocations


You had 3 spell levels left.
You didn't know any spells.
Your spell library contained the following spells:

 Spells                   Type           Power      Damage    Failure   Level
 Freeze                   Ice            0%         1d3       36%         1
 Slow                     Hex            0%         N/A       36%         1
 Confusing Touch          Hex            0%         N/A       75%         3
 Frozen Ramparts          Ice            0%         1d2       75%         3
 Stone Arrow              Conj/Erth      0%         3d7       75%         3
 Vampiric Draining        Necr           0%         2d6       75%         3
 Animate Armour           Summ/Erth      0%         N/A       98%         4
 Hailstorm                Conj/Ice       0%         3d3       98%         4
 Yara's Violent Unravell  Hex/Tmut       0%         3d3       100%        5
 Enfeeble                 Hex            0%         N/A       100%        7
 Lehudib's Crystal Spear  Conj/Erth      0%         10d2      100%        8


Dungeon Overview and Level Annotations

Branches:
Dungeon (2/15)

Altars:

Shops:
D:1 ==(

Annotations:
D:2 Natasha


Innate Abilities, Weirdness & Mutations

You are very small and have problems with some larger weapons.
You are too small for most types of armour.
You have supernaturally acute eyesight. (SInv)
You cover ground extremely quickly. (Speed+++)


Message History

Natasha is moderately wounded.
Unknown command.
Fire: a) +0 shortbow
Press: ? - help, Q - select action Shift-Dir - straight line, f/p - Natasha
Aim: Natasha (moderately wounded)
You shoot an arrow. The arrow barely misses Natasha.
Natasha hisses.
Natasha completely misses you.
Unknown command.
Fire: a) +0 shortbow
Press: ? - help, Q - select action Shift-Dir - straight line, f/p - Natasha
Aim: Natasha (moderately wounded)
You shoot an arrow. The arrow misses Natasha.
Natasha misses you.
Unknown command.
Fire: a) +0 shortbow
Press: ? - help, Q - select action Shift-Dir - straight line, f/p - Natasha
Aim: Natasha (moderately wounded)
You shoot an arrow. The arrow hits Natasha.
Natasha is heavily wounded.
Natasha claws you.
Unknown command.
Fire: a) +0 shortbow
Press: ? - help, Q - select action Shift-Dir - straight line, f/p - Natasha
Aim: Natasha (heavily wounded)
You shoot an arrow.
The arrow hits Natasha but does no damage.
Natasha is heavily wounded.
Natasha claws you.
* * * LOW HITPOINT WARNING * * *
Natasha misses you.
Fire: a) +0 shortbow
Press: ? - help, Q - select action Shift-Dir - straight line, f/p - Natasha
Aim: Natasha (heavily wounded)
You shoot an arrow. The arrow barely misses Natasha.
Natasha claws you!
* * * LOW HITPOINT WARNING * * *
Natasha casts a spell at you. The magic dart hits you!
You die...

#.#.#.#....#### ###
#.#.#.#.##### ...
#.#.#.......# #.#
#.#.###.###.# #.#
#.#.#.....#.#
#h###.#.#†#####.#
#.#............<###
#.#####.#.#####.#..
#.@...[.#.# #.#..
#########.#####.#..
#.##.......
#.##....#.)
#.##....#..
#.##....#..
#^##.(..#..
#.##....#..
..##....#..


You could see Natasha.

Vanquished Creatures
  Natasha (D:2)
  A gnoll (D:1)
  2 adders (D:2)
  A worm (D:2)
  A dart slug (D:1)
  4 endoplasms
  A giant cockroach (D:1)
  2 goblins (D:2)
  4 hobgoblins
  3 jackals (D:1)
  5 kobolds
  2 quokkas (D:1)
  4 ball pythons
  5 bats
  2 frilled lizards (D:1)
  5 rats
43 creatures vanquished.

Vanquished Creatures (others)
  A plant (D:1)
1 creature vanquished.

Grand Total: 44 creatures vanquished

Notes
Turn   | Place    | Note
-------+----------+-------------------------------------------
     0 | D:1      | jifgo the Spriggan Hunter began the quest for the Orb.
     0 | D:1      | Reached XP level 1. HP: 10/10 MP: 2/2
   229 | D:1      | Found Jait's Jewellery Emporium.
   239 | D:1      | Found Voir Tus's Jewellery Shoppe.
   247 | D:1      | Reached XP level 2. HP: 15/15 MP: 3/3
   304 | D:1      | Found Myuqei's Weapon Shop.
   307 | D:1      | Reached skill level 5 in Ranged Weapons
   709 | D:1      | Reached skill level 1 in Invocations
   709 | D:1      | Reached XP level 3. HP: 18/18 MP: 4/4
  1083 | D:2      | Reached XP level 4. HP: 21/23 MP: 4/6
  1194 | D:2      | Noticed Natasha
  1196 | D:2      | Killed Natasha
  1343 | D:2      | Noticed Natasha
  1353 | D:2      | Killed from afar by Natasha

Illustrated notes

Levels and vault maps discovered:
D:1:      denvon_arrival_planthouse, layout_basic, serial_shops,
          nicolae_shop_bloodbath_and_beyond, shop, nicolae_shop_waterfront
D:2:      layout_basic, shapermc_ecumenical_altar_mp_highgroup, serial_shops,
          shop_fountains, uniq_natasha, uniq_terence

Skill      XL: |  1  2  3 |
---------------+----------+-----
Stealth        | 2 3 |  3.3
Dodging        | 3 |  3.6
Ranged Weapons | 5 |  5.3
Invocations    | 1 |  1.5
Fighting       | 2 |  2.2

Action                   |  1- 3 |  4- 6 || total
-------------------------+-------+-------++-------
 Fire: Shortbow          |   100 |    11 ||   111
Armor: Robe              |     3 |       ||     3
Dodge: Dodged            |    17 |     3 ||    20

Table legend: (Time is in decaauts)
 A = Elapsed time spent in this place.
 B = Non-inter-level travel time spent in this place.
 C = Inter-level travel time spent in this place.
 D = Time resting spent in this place.
 E = Time spent auto-exploring this place.
 F = Levels seen in this place.
 G = Mean time per level.
                   A        B        C        D        E       F      G
               +--------+--------+--------+--------+--------+-----+--------+
         Total |   1021 |   1000 |     21 |    281 |    425 |   2 |  510.5 |
       Dungeon |   1021 |   1000 |     21 |    281 |    425 |   2 |  510.5 |
               +--------+--------+--------+--------+--------+-----+--------+

Top non-repeatable levels by time:
     D:1: 703 daAuts
     D:2: 318 daAuts
